 Dungeon Crawl Stone Soup version 0.31.0-1-g2c135a0 (webtiles) character file.

Game seed: 11215196585133970473

4800 Xerrl the Fighter (level 10, -3/82 HPs)
             Began as a Demonspawn Delver on Mar 20, 2024.
             Was a High Priest of Lugonu.
             Slain by an orc knight
             ... wielding a +2 great sword
              (13 damage)
             ... on level 1 of the Orcish Mines.
             The game lasted 00:29:28 (9106 turns).

Xerrl the Fighter (Demonspawn Delver)               Turns: 9106, Time: 00:29:29

Health: -3/82      AC: 10    Str: 19    XL:     10   Next: 24%
Magic:  16/16      EV: 16    Int: 10    God:    Lugonu [*****.]
Gold:   262        SH:  0    Dex: 19    Spells: 18/18 levels left

rFire   . . .        G - +0 lajatang
rCold   . . .        (shield currently unavailable)
rNeg    + + +        A - +2 leather armour "Dehontum" {rN++ Will- Str+3 Dex+3}
rPois   .            E - +0 helmet
rElec   .            x - +0 cloak
rCorr   .            (no gloves)
SInv    .            (no boots)
Will    .....        y - amulet of faith
Stlth   +++          C - ring of positive energy
HPRegen 0.33/turn    (no ring)
MPRegen 0.30/turn

%: faith
@: no status effects
A: yellow scales 2, ignite blood 2, magic regeneration, weakness stinger 2
a: Renounce Religion, Depart the Abyss, Banish, Corrupt, Enter the Abyss


You were on level 1 of the Orcish Mines.
You worshipped Lugonu.
Lugonu was extremely pleased with you.
You visited 2 branches of the dungeon, and saw 10 of its levels.
You also visited: Ossuary.

You collected 430 gold pieces.
You spent 168 gold pieces at shops.

Inventory:

Hand Weapons
 b - a +1 falchion of distortion
 k - a +0 flail of holy wrath
 D - a +2 whip of pain
 G - a +0 lajatang (weapon)
 K - a +3 morningstar
 N - a +3 dagger
 Q - a +3 halberd of freezing
 T - a +4 dire flail of freezing
 V - a +4 flail
 Z - a +1 trident of venom
Missiles
 h - a curare-tipped dart
 n - 24 poisoned darts (quivered)
 t - 2 darts of dispersal
Armour
 j - the +1 ring mail of Resonance {Int+3}
   (You found it on level 3 of the Dungeon)

   Int+3:     It affects your intelligence (+3).
 x - a +0 cloak (worn)
 A - the +2 leather armour "Dehontum" (worn) {rN++ Will- Str+3 Dex+3}
   (You found it on level 2 of the Dungeon)

   Str+3:     It affects your strength (+3).
   Dex+3:     It affects your dexterity (+3).
   rN++:      It greatly protects you from negative energy.
   Will-:     It decreases your willpower.
 E - a +0 helmet (worn)
 F - a +0 plate armour
 Y - a +2 leather armour of fire resistance
Magical Staves
 H - a staff of death
Jewellery
 y - an amulet of faith (around neck)
 C - a ring of positive energy (left hand)
 J - an amulet of magic regeneration
Wands
 g - a wand of digging (3)
 i - a wand of iceblast (5)
 q - a wand of charming (15)
Scrolls
 a - a scroll of poison {unknown}
 c - 2 scrolls of fog
 d - 2 scrolls of revelation
 e - 4 scrolls of identify
 r - a scroll of teleportation
 s - a scroll of enchant armour {unknown}
 M - a scroll of enchant weapon {unknown}
 O - 2 scrolls of noise {unknown}
 P - a scroll of butterflies {unknown}
 U - a scroll of vulnerability {unknown}
Potions
 f - a potion of haste
 l - a potion of might {unknown}
 o - a potion of enlightenment
 w - a potion of curing
 z - a potion of cancellation
 I - 2 potions of resistance {unknown}
 L - a potion of brilliance {unknown}
 R - a potion of attraction {unknown}
 S - 2 potions of mutation {unknown}


   Skills:
 * Level 8.4 Fighting
 - Level 2.0 Long Blades
 - Level 0.7(3.7) Maces & Flails
 * Level 5.9(6.0) Staves
 * Level 7.4 Dodging
 - Level 5.1 Stealth
 + Level 4.5 Spellcasting
 + Level 4.7 Evocations


You had 18 spell levels left.
You didn't know any spells.
Your spell library contained the following spells:

 Spells                   Type           Power      Damage    Failure   Level
 Mephitic Cloud           Conj/Alch/Air  2%         N/A       65%         3
 Summon Forest            Summ/Tloc      1%         N/A       100%        5
 Summon Mana Viper        Hex/Summ       2%         N/A       100%        5
 Summon Cactus Giant      Summ           1%         N/A       100%        6


Dungeon Overview and Level Annotations

Branches:
Dungeon (9/15)             Temple (0/1) D:5             Orc (1/2) D:9
Ossuary (visited)
   Lair: D:8-11

Altars:
Ashenzari
Dithmenos
Gozag
Hepliaklqana
Okawaru
Ru
Wu Jian
Lugonu

Shops:
D:6 :   D:7 ?


Innate Abilities, Weirdness & Mutations

You are mostly covered in yellow scales. (AC +3)
Your demonic aura often causes spilled blood to erupt in flames.
You regenerate magic rapidly.
You have a tail ending in a sharp stinger.


Message History

* * * LOW HITPOINT WARNING * * *
The orc knight roars a battlecry!
The orcs go into a battle-frenzy!
The warg is engulfed in blazing flames.
You kill the warg!
Lugonu accepts your kill. The orc hits you with a +0 dagger.
* * * LOW HITPOINT WARNING * * *
The orc wizard points at you and mumbles some strange words.
The puff of flame hits you but does no damage.
The orc warrior hits you but does no damage.
You hear a shout!
You feel better. The orc hits you with a +0 dagger.
* * * LOW HITPOINT WARNING * * *
The orc warrior misses you.
It was a potion of cancellation.
You feel strangely stable.
You feel magically purged.
The orc warrior hits you from afar with a +0 glaive.
* * * LOW HITPOINT WARNING * * *
The orc wizard casts a spell at you.
The magic dart hits you but does no damage.
The orc hits you but does no damage.
As you read the scroll of fear, it crumbles to dust.
You assume a fearsome visage.
The orc looks frightened! x3
The orc knight looks frightened!
The orc warrior looks frightened! x2
The orc wizard looks frightened!
The orc wizard gestures wildly while chanting.
The orc wizard flickers and vanishes!
Deactivating autopickup; reactivate with Ctrl-A.
The orc warrior cowers, then darts away.
Cornered, the orc knight turns to fight!
Cornered, the orc turns to fight!
There is a stone staircase leading down here.
The orc hits you but does no damage. The orc attacks as it pursues you!
The orc hits you with a +0 dagger.
* * * LOW HITPOINT WARNING * * *
The orc knight attacks as it pursues you!
The orc knight hits you with a +2 great sword!
You die...

#.# ###.## # ##....##
### ##.. #......#
##.##
#...###......####...##
#...#........#......#
#.........#....<...##
..#............###
##.##......o@###
#....>.....o.#.##
##...............#
##.............#.##
#.................##
##........#........#
#...##............##
##.###............#
###.......#...).##


You could see an orc knight and an orc (strong).

Vanquished Creatures
  A wyvern (D:7)
  7 yaks
  A warg (Orc:1)
  A steam dragon (D:7)
  2 water moccasins
  A sky beast (D:7)
  An orc warrior (Orc:1)
  A black bear (D:6)
  4 ice beasts
  3 centaurs
  3 elf zombies (D:7)
  A kobold brigand (D:9)
  2 elf skeletons (D:7)
  A bullfrog (D:7)
  A scorpion (D:5)
  11 wights
  A burial acolyte (Ossuary)
  3 killer bees (D:9)
  2 howler monkeys
  3 hounds (D:7)
  2 jellies
  6 orc priests
  2 iguanas
  11 orc wizards
  6 adders
  7 gnolls
  A shadow imp (D:6)
  An ufetubus (D:8)
  2 adder skeletons (Ossuary)
  A ribbon worm (D:2)
  3 dart slugs
  36 orcs
  7 ball pythons
  12 bats
  5 endoplasms
  3 giant cockroaches
  2 hobgoblins
  8 jackals
  2 quokkas (D:1)
  A ball python skeleton (Ossuary)
  4 frilled lizards
  5 goblins
  A hobgoblin skeleton (Ossuary)
  6 kobolds
  3 kobold skeletons (Ossuary)
  An orc skeleton (Ossuary)
  An orc zombie (D:7)
  6 rats
  A spectral hobgoblin (D:5)
196 creatures vanquished.

Notes
Turn   | Place    | Note
-------+----------+-------------------------------------------
     0 | D:5      | Xerrl the Demonspawn Delver began the quest for the Orb.
     0 | D:5      | Reached XP level 1. HP: 18/18 MP: 1/1
    81 | D:4      | Gained mutation: You have a small tail. [demonic ancestry]
    81 | D:4      | Reached XP level 2. HP: 9/24 MP: 2/2
   416 | D:4      | Gained mutation: Your demonic aura sometimes causes spilled
                  | blood to erupt in flames. [demonic ancestry]
   416 | D:4      | Reached XP level 3. HP: 27/30 MP: 3/3
   831 | D:3      | Identified the +1 ring mail of Resonance {Int+3}
   952 | D:3      | Noticed an ice beast
   960 | D:3      | Killed an ice beast
   961 | D:3      | Reached skill level 4 in Fighting
   961 | D:3      | Reached skill level 5 in Stealth
   961 | D:3      | Gained mutation: You regenerate magic rapidly. [demonic
                  | ancestry]
   961 | D:3      | Reached XP level 4. HP: 24/37 MP: 4/4
   961 | D:3      | Reached XP level 5. HP: 27/42 MP: 5/5
  1499 | D:2      | Found a faded altar of an unknown god.
  1505 | D:2      | Prayed at the altar of an unknown god.
  1505 | D:2      | Became a worshipper of Lugonu the Unformed
  1505 | D:2      | Reached * piety under Lugonu
  1940 | D:2      | Identified the +2 leather armour "Dehontum" {rN++ Will-
                  | Str+3 Dex+3}
  2144 | D:1      | Reached ** piety under Lugonu
  3277 | D:4      | Found an ornate altar of the Wu Jian Council.
  3452 | D:4      | Reached skill level 1 in Evocations
  3452 | D:4      | Gained mutation: Your demonic aura often causes spilled
                  | blood to erupt in flames. [demonic ancestry]
  3452 | D:4      | Reached XP level 6. HP: 49/49 MP: 7/7
  3679 | D:5      | Reached skill level 1 in Spellcasting
  3741 | D:5      | Noticed an ice beast
  3753 | D:5      | Killed an ice beast
  3754 | D:5      | Reached skill level 5 in Fighting
  3864 | D:5      | Found a staircase to the Ecumenical Temple.
  3867 | D:5      | Found a sacrificial altar of Ru.
  3899 | D:5      | Found a broken altar of Ashenzari.
  4164 | D:5      | Found a hazy altar of Hepliaklqana.
  4266 | D:5      | Found an opulent altar of Gozag.
  4392 | D:5      | Reached *** piety under Lugonu
  4499 | D:5      | Gained mutation: You are partially covered in yellow
                  | scales. (AC +2) [demonic ancestry]
  4499 | D:5      | Reached XP level 7. HP: 53/56 MP: 9/9
  4891 | D:6      | Found Hefum's Tiny Tomes.
  4918 | D:6      | Bought Sif Muna's Papyrus of the Gift for 104 gold pieces
  4939 | D:6      | Reached skill level 1 in Staves
  5368 | D:6      | Found a shadowy altar of Dithmenos.
  5402 | D:6      | Reached skill level 5 in Dodging
  5402 | D:6      | Gained mutation: You have a tail ending in a sharp stinger.
                  | [demonic ancestry]
  5402 | D:6      | Reached XP level 8. HP: 64/64 MP: 11/11
  5414 | D:6      | Reached skill level 6 in Fighting
  5751 | D:7      | Found a sand-covered staircase.
  5811 | Ossuary  | Entered an ossuary
  5891 | Ossuary  | Reached **** piety under Lugonu
  6482 | D:7      | Reached XP level 9. HP: 61/71 MP: 13/13
  6484 | D:7      | Reached skill level 7 in Fighting
  6709 | D:7      | Found Xozarr's Magic Scroll Shop.
  6719 | D:7      | Bought a scroll of fear for 64 gold pieces
  7507 | D:7      | Found the +7 Spriggan's Knife {stab, EV+4 Stlth+}
  7740 | D:8      | Reached skill level 5 in Staves
  7936 | D:9      | Reached skill level 8 in Fighting
  8118 | D:9      | Gained mutation: You are mostly covered in yellow scales.
                  | (AC +3) [demonic ancestry]
  8118 | D:9      | Reached XP level 10. HP: 20/80 MP: 16/16
  8490 | D:9      | Found an iron altar of Okawaru.
  8743 | D:9      | Reached ***** piety under Lugonu
  8846 | D:9      | Found a staircase to the Orcish Mines.
  9025 | Orc:1    | Entered Level 1 of the Orcish Mines
  9078 | Orc:1    | Noticed an orc knight
  9106 | Orc:1    | Slain by an orc knight

Illustrated notes

Levels and vault maps discovered:
D:1:      dpeg_chamrin_arrival_tetris, layout_loops_ring, st_stairs_4
D:2:      layout_loops_cross, basic_ecumenical_altar, kennysheep_generic_room_9
D:3:      layout_loops_ring
D:4:      layout_basic, nzn_wu_jian_council_hall
D:5:      layout_loops_corners, kennysheep_mini_moat,
          mainiacjoe_overflow_surrounded_room,
          nicolae_hepliaklqana_monster_ancestors, ashenzari_conservatory_becter,
          minmay_temple_entry_purple_smoke
D:6:      layout_cave_pools, makhleb_heckhound_becter,
          nicolae_overflow_crystal_walls, gup_sewer_entry_spiral,
          nicolae_shop_i_like_small_books_too, minivault_19, minmay_diced_spiral
D:7:      layout_basic, serial_shops, shop, nicolae_ossuary_entry_catacombs
D:8:      layout_basic, serial_ice, serial_ice_l, serial_ice_e, serial_ice_c,
          serial_ice_n, serial_ice_o, serial_ice_f, chequers_hall_statues_y,
          minmay_misc_feat_columns, chequers_decorated_corner
D:9:      layout_roguey, kennysheep_okawaru_gauntlet, hiddenorc2_lemuel
Orc:1:    dreamdust_dug_too_deep, layout_caves, serial_shops,
          nicolae_shop_industrial_runoff, uniq_sonja, uniq_fannar

Skill      XL: |  1  2  3  4  5  6  7  8  9 |
---------------+----------------------------+-----
Long Blades    | 2 |  2.0
Dodging        | 2 3 4 5 6 7 |  7.4
Fighting       | 4 5 6 8 |  8.4
Stealth        | 5 |  5.1
Evocations     | 1 2 3 4 |  4.7
Spellcasting   | 1 2 3 4 |  4.5
Staves         | 2 4 5 |  5.9
Maces & Flails | |  0.7

Action                     |  1- 3 |  4- 6 |  7- 9 | 10-12 || total
---------------------------+-------+-------+-------+-------++-------
  Melee: Falchion          |    18 |   164 |     6 |       ||   188
         Flail             |    29 |    22 |       |       ||    51
         Tailslap          |     4 |    40 |    38 |    14 ||    96
         Punch             |       |     1 |       |       ||     1
         Whip              |       |    24 |       |       ||    24
         Lajatang          |       |     8 |   219 |    88 ||   315
  Evoke: Wand              |     3 |     2 |     2 |     1 ||     8
    Use: Potion            |     1 |     2 |     6 |     5 ||    14
         Scroll            |     1 |     1 |     3 |     3 ||     8
   Stab: Sleeping          |       |    14 |     8 |       ||    22
         Distracted        |       |       |       |     1 ||     1
 Armour: Ring mail         |    44 |   136 |       |       ||   180
         Leather armour    |       |    41 |   186 |    86 ||   313
  Dodge: Dodged            |    34 |   206 |   173 |   145 ||   558
